 Dungeon Crawl Stone Soup version 0.29-a0-512-gf59ac788ac (webtiles) character file.

Game seed: 14027525376034971610

372 Sabo the Grave Robber (level 6, -8/42 HPs)
             Began as a Vampire Necromancer on May 29, 2022.
             Was a High Priest of Ignis.
             Mangled by Menkaure (20 damage)
             ... in an ossuary.
             The game lasted 00:28:08 (3517 turns).

Sabo the Grave Robber (Vampire Necromancer)         Turns: 3517, Time: 00:28:09

Health: -8/42      AC:  4    Str:  7    XL:     6   Next: 43%
Magic:  12/12      EV: 10    Int: 19    God:    Ignis [*****.]
Gold:   161        SH:  7    Dex: 15    Spells: 12/13 levels left

rFire   + . .      SeeInvis +   a - +0 war axe
rCold   . . .      Faith    .   l - +0 kite shield
rNeg    . . .      Spirit   .   f - +0 robe
rPois   .          Reflect  .   d - +0 helmet
rElec   .          Harm     .   (no cloak)
rCorr   .          Rampage  .   e - +0 pair of gloves
Will    .....                   (no boots)
Stlth   ++........              (no amulet)
HPRegen 0.34/turn               (no ring)
MPRegen 0.13/turn               (no ring)

@: healing quickly
A: alive, fangs 3, see invisible, vampiric 2
a: Exsanguinate, Renounce Religion, Fiery Armour, Foxfire Swarm, Rising Flame


You were in an ossuary.
You worshipped Ignis.
Ignis was extremely pleased with you.
You visited 1 branch of the dungeon, and saw 4 of its levels.
You also visited: Ossuary.

You collected 181 gold pieces.
You spent 20 gold pieces at shops.

Inventory:

Hand Weapons
 a - a +0 war axe (weapon)
 k - a +0 hunting sling
Missiles
 c - 80 stones
 j - 2 boomerangs (quivered)
Armour
 d - a +0 helmet (worn)
 e - a +0 pair of gloves (worn)
 f - a +0 robe (worn)
 l - a +0 kite shield (worn)
Wands
 m - a wand of flame (16)
Scrolls
 g - a scroll of amnesia
 n - 2 scrolls of fog
 o - a scroll of enchant armour {unknown}
 p - a scroll of identify
 q - a scroll of brand weapon {unknown}
 r - 2 scrolls of enchant weapon {unknown}
Potions
 b - a potion of magic
 h - 2 potions of curing {unknown}
 i - a potion of attraction {unknown}


   Skills:
 + Level 0.7 Fighting
 + Level 0.5(0.6) Axes
 + Level 0.2(0.4) Maces & Flails
 + Level 2.4 Dodging
 + Level 3.2 Stealth
 + Level 0.3 Shields
 + Level 4.4 Spellcasting
 + Level 6.4 Necromancy


You had 12 spell levels left.
You knew the following spells:

 Your Spells              Type           Power      Damage    Failure   Level
a - Necrotize             Necr           100%       1d9       3%          1

Your spell library contained the following spells:

 Spells                   Type           Power      Damage    Failure   Level
 Vampiric Draining        Necr           28%        2d8       10%         3
 Animate Dead             Necr           28%        N/A       32%         4
 Slow                     Hex            16%        N/A       43%         1
 Agony                    Necr           28%        N/A       65%         5
 Confusing Touch          Hex            4%         N/A       80%         3


Dungeon Overview and Level Annotations

Branches:
Dungeon (4/15)             Temple (0/1) D:4         Ossuary (1/1)

Altars:
Ignis

Shops:
D:2 (**((

Annotations:
Ossuary Menkaure


Innate Abilities, Weirdness & Mutations

Your natural rate of healing is accelerated.
You have razor-sharp teeth.
You have supernaturally acute eyesight. (SInv)
You are afflicted with vampirism and can become a bat while bloodless.


Message History

The rat skeleton is lightly damaged.
The rat skeleton bites you but does no damage.
You block the rat skeleton's attack.
You slash the rat skeleton!
You destroy the rat skeleton!
You hit the mummy but do no damage. The mummy hits you but does no damage.
You slash the mummy!
The mummy is heavily damaged.
You block the mummy's attack.
You hit the mummy.
The mummy is severely damaged.
The mummy closely misses you.
You barely miss the mummy. You bite the mummy, but do no damage.
The mummy is severely damaged.
The mummy completely misses you.
You hit the mummy but do no damage.
The mummy is severely damaged.
The mummy hits you.
You hit the mummy.
The mummy is almost destroyed.
The mummy hits you!
You slash the mummy!
You destroy the mummy!
You start resting.
Menkaure, Prince of Dust comes into view.
Menkaure screams, "Why can't you leave me to my rest?"
Menkaure gestures at you while chanting.
Pain shoots through your body!
You hit Menkaure.
Menkaure is moderately damaged.
Menkaure calls on the powers of darkness!
Your body is wracked with pain!
You barely miss Menkaure. Your bite misses Menkaure.
Menkaure is moderately damaged.
Menkaure misses you. Menkaure hits you.
* * * LOW HITPOINT WARNING * * *
You hit Menkaure.
Menkaure is heavily damaged.
Menkaure hits you!!
You die...

#..##..##..####..##..##..##
..##..##..## ##..##..##..##
.##..##..## ##..##..##..##
##..##..## ##..##..##..##
#..##..## ##..##..##..## ..##..##
##^.##..##..## .##.^##
##..##..##..##
##..##############''##..##..##..#
#...............@M...##..##..##..
########################..##..##.
...........................##..##
##############################..#
.................................
#################################


You could see Menkaure.

Vanquished Creatures
  Sigmund (D:3)
  An orc priest (D:3)
  Ijyb (D:3)
  A mummy (Ossuary)
  3 adders
  2 worms
  2 dart slugs
  7 orcs (D:3)
  4 ball pythons
  A bat (D:1)
  3 endoplasms
  A giant cockroach (D:2)
  2 gnoll zombies (Ossuary)
  6 hobgoblins
  5 jackals
  3 kobolds
  2 quokkas
  3 frilled lizards
  5 gnoll skeletons (Ossuary)
  7 goblins
  3 goblin skeletons (Ossuary)
  4 goblin zombies (Ossuary)
  5 hobgoblin skeletons (Ossuary)
  2 hobgoblin zombies (Ossuary)
  5 kobold skeletons (Ossuary)
  7 kobold zombies (Ossuary)
  2 orc skeletons (Ossuary)
  4 orc zombies (Ossuary)
  8 rats
  4 rat skeletons (Ossuary)
  5 rat zombies (Ossuary)
109 creatures vanquished.

Vanquished Creatures (collateral kills)
  An adder (D:2)
  An orc (D:4)
  An endoplasm (D:4)
  A goblin (D:2)
  A frilled lizard (D:2)
  A kobold (D:1)
6 creatures vanquished.

Vanquished Creatures (others)
  A fungus (D:1)
  A plant (D:1)
2 creatures vanquished.

Grand Total: 117 creatures vanquished

Notes
Turn   | Place    | Note
-------+----------+-------------------------------------------
     0 | D:1      | Sabo the Vampire Necromancer began the quest for the Orb.
     0 | D:1      | Reached XP level 1. HP: 13/13 MP: 3/3
   250 | D:1      | Found a faded altar of an unknown god.
   270 | D:1      | Reached XP level 2. HP: 15/19 MP: 0/5
   273 | D:1      | Prayed at the altar of an unknown god.
   273 | D:1      | Became a worshipper of Ignis, the Dying Flame
   447 | D:1      | Reached skill level 5 in Necromancy
  1017 | D:2      | Gained mutation: You are afflicted with vampirism and can
                  | become a bat while bloodless. [Vampire growth]
  1017 | D:2      | Reached XP level 3. HP: 24/24 MP: 2/6
  1025 | D:2      | Found Qircha Guol's Antique Weapon Boutique.
  1321 | D:2      | Found Hipy's Antique Weapon Emporium.
  1456 | D:2      | Found Ditosiugh's General Store.
  1468 | D:2      | Bought a scroll of identify for 20 gold pieces
  1581 | D:2      | Found Neakewyo's Assorted Antiques.
  1633 | D:2      | Reached XP level 4. HP: 30/30 MP: 6/8
  1672 | D:2      | Found Ugramaes's Weapon Boutique.
  1950 | D:3      | Noticed Sigmund
  1959 | D:3      | Killed Sigmund
  1960 | D:3      | Reached skill level 6 in Necromancy
  1960 | D:3      | Reached XP level 5. HP: 29/35 MP: 1/10
  2135 | D:3      | Reached XP level 6. HP: 41/41 MP: 5/12
  2173 | D:3      | Noticed Ijyb
  2184 | D:3      | Killed Ijyb
  2778 | D:4      | Found a staircase to the Ecumenical Temple.
  2985 | D:4      | Found a sand-covered staircase.
  2991 | Ossuary  | Entered an ossuary
  3511 | Ossuary  | Noticed Menkaure
  3517 | Ossuary  | Mangled by Menkaure

Illustrated notes

Levels and vault maps discovered:
D:1:      minmay_arrival_hallway, layout_basic,
          shapermc_ecumenical_altar_acropolis, minmay_misc_feat_roman,
          corexii_corridor_pit
D:2:      layout_loops_ring, serial_shops, nicolae_shop_trees, shop_statue,
          shop, nicolae_shop_stone, nicolae_lakefront_shop,
          hangedman_feature_mirror
D:3:      layout_loops_ring, uniq_sigmund, uniq_ijyb
D:4:      layout_basic, beargit_hepliaklqana_dungeon_heroes,
          minmay_temple_entry_butterflies, nicolae_ossuary_entry_false_entrances
Ossuary:  ossuary_due_pyramid

Skill      XL: |  1  2  3  4  5 |
---------------+----------------+-----
Necromancy     | 5 6 |  6.4
Spellcasting   | 3 4 |  4.4
Fighting       | |  0.7
Axes           | |  0.5
Maces & Flails | |  0.2
Dodging        | |  2.4
Stealth        | |  3.2
Shields        | |  0.3

Action                   |  1- 3 |  4- 6 || total
-------------------------+-------+-------++-------
Melee: Unarmed           |     4 |       ||     4
       Bite              |     1 |    22 ||    23
       Whip              |     6 |       ||     6
       War axe           |       |   128 ||   128
Throw: Boomerang         |       |     3 ||     3
 Cast: Necrotize         |    61 |    53 ||   114
  Use: Scroll            |     1 |     2 ||     3
       Potion            |       |     2 ||     2
Armor: Robe              |     6 |    43 ||    49
Dodge: Dodged            |     5 |    50 ||    55
Block: Kite shield       |     8 |    48 ||    56

Table legend: (Time is in decaauts)
 A = Elapsed time spent in this place.
 B = Non-inter-level travel time spent in this place.
 C = Inter-level travel time spent in this place.
 D = Time resting spent in this place.
 E = Time spent auto-exploring this place.
 F = Levels seen in this place.
 G = Mean time per level.
                   A        B        C        D        E       F      G
               +--------+--------+--------+--------+--------+-----+--------+
         Total |   3605 |   3605 |      0 |    607 |      0 |   5 |  721.0 |
       Dungeon |   2991 |   2991 |      0 |    484 |      0 |   4 |  747.8 |
       Ossuary |    613 |    613 |      0 |    123 |      0 |   1 |  613.0 |
               +--------+--------+--------+--------+--------+-----+--------+

Top non-repeatable levels by time:
     D:1: 1008 daAuts
     D:2: 942 daAuts
     D:3: 814 daAuts
 Ossuary: 613 daAuts
     D:4: 225 daAuts
